 Dungeon Crawl Stone Soup version 0.22-a0-379-ga9d99d62ad (webtiles) character file.

125 MirrMurr the Poker (level 4, -8/34 HPs)
             Began as a Demonspawn Gladiator on Apr 28, 2018.
             Mangled by an orc warrior
             ... wielding a +0 war axe
              (14 damage)
             ... on level 3 of the Dungeon.
             The game lasted 00:06:35 (2895 turns).

MirrMurr the Poker (Demonspawn Gladiator)           Turns: 2895, Time: 00:06:35

Health: -8/34      AC:  8    Str: 15    XL:     4   Next: 82%
Magic:  4/4        EV: 12    Int: 10    God:
Gold:   164        SH:  0    Dex: 14    Spells: 3/3 levels left

rFire    . . .     SeeInvis .   a - +0 trident
rCold    . . .     Gourm    .   (no shield)
rNeg     . . .     Faith    .   k - +0 ring mail
rPois    .         Spirit   .   c - +0 helmet
rElec    .         Reflect  .   (no cloak)
rCorr    .         Harm     .   (no gloves)
MR       .....                  (no boots)
Stlth    +.........             (no amulet)
HPRegen  0.11/turn              (no ring)
MPRegen  0.09/turn              (no ring)

@: no status effects
A: slimy green scales 1
a: no special abilities


You were on level 3 of the Dungeon.
You were hungry.

You visited 1 branch of the dungeon, and saw 3 of its levels.

You collected 164 gold pieces.

Inventory:

Hand Weapons
 a - a +0 trident (weapon)
 b - a +0 hunting sling
Missiles
 d - a throwing net {!f}
 g - 16 bolts
 i - 14 sling bullets
 p - 54 stones (quivered)
Armour
 c - a +0 helmet (worn)
 k - a +0 ring mail (worn)
Jewellery
 q - a cursed amulet of inaccuracy {unknown}
 v - an uncursed ring of positive energy {unknown}
 w - an uncursed ring of positive energy {unknown}
Scrolls
 e - a scroll of immolation {unknown}
 j - 4 scrolls of teleportation
 l - 2 scrolls of enchant weapon {unknown}
 m - a scroll of identify {unknown}
 o - a scroll of fear {unknown}
 r - 3 scrolls of enchant armour {unknown}
 s - a scroll of amnesia {unknown}
 t - 2 scrolls of remove curse {unknown}
 u - a scroll of random uselessness {unknown}
Potions
 h - 2 potions of curing
 n - a potion of magic {unknown}
 x - a potion of degeneration {unknown}
 A - a potion of berserk rage {unknown}
Comestibles
 f - 5 rations
 z - 3 chunks of flesh


   Skills:
 + Level 2.8 Fighting
 * Level 3.8 Polearms
 + Level 0.2(1.1) Slings
 - Level 1.7(1.8) Throwing
 + Level 1.5 Armour
 + Level 3.2 Dodging


You had 3 spell levels left.
You didn't know any spells.

Dungeon Overview and Level Annotations

Branches:
Dungeon (3/15)

Altars:

Annotations:
D:3 Shaidar's ghost, amateur MiBe


Innate Abilities, Weirdness & Mutations

You are partially covered in slimy green scales. (AC +2)


Message History

The orc warrior struggles against the net.
You hit the orc warrior but do no damage.
The orc warrior is heavily wounded.
The orc warrior struggles against the net.
The net rips apart, and the orc warrior comes free!
You hit the orc warrior.
The orc warrior is severely wounded.
The orc warrior closely misses you.
You completely miss the orc warrior.
The orc warrior is severely wounded.
The orc warrior hits you with a war axe.
* * * LOW HITPOINT WARNING * * *
You closely miss the orc warrior.
The orc warrior is severely wounded.
The orc warrior hits you but does no damage.
Some of the chunks of flesh in your inventory have rotted away.
You hit the orc warrior but do no damage.
The orc warrior is severely wounded.
The orc warrior hits you with a war axe!
You die...

#### ####... #.....##
.......## ........#
(.......# ........##
(........# ########.#
.......>.###..oo@...#
........<#...########
#)....)......##
..######..##..## ###.
### ##...รท..###.....
###.........#.#
#####............[..
............####..#.
##..........# ##


You could see an orc warrior and an orc.

Vanquished Creatures
  3 adders (D:3)
  An ooze (D:3)
  4 worms (D:2)
  2 dart slugs (D:2)
  A leopard gecko (D:2)
  12 orcs
  2 giant cockroaches
  7 goblins
  7 hobgoblins
  4 jackals
  A ball python (D:1)
  5 bats
  4 frilled lizards
  8 kobolds
  5 rats
  A fungus (D:1)
67 creatures vanquished.

Notes
Turn   | Place    | Note
-------+----------+-------------------------------------------
     0 | D:1      | MirrMurr the Demonspawn Gladiator began the quest for the Orb.
     0 | D:1      | Reached XP level 1. HP: 16/16 MP: 1/1
   493 | D:1      | Gained mutation: You are partially covered in slimy green scales. (AC +2) [demonic ancestry]
   493 | D:1      | Reached XP level 2. HP: 22/22 MP: 2/2
  1221 | D:2      | Reached XP level 3. HP: 28/28 MP: 3/3
  1359 | D:2      | Reached skill level 1 in Armour
  2112 | D:3      | Noticed an orc warrior
  2112 | D:3      | Noticed Shaidar's ghost (amateur MiBe)
  2179 | D:3      | Reached XP level 4. HP: 23/34 MP: 4/4
  2873 | D:3      | HP: 1/34 [orc warrior/war axe (20)]
  2895 | D:3      | Mangled by an orc warrior

Vault maps used:
D:1:      dpeg_arrival_brainrot, minmay_gold_behind_fungi, serial_park_tiny_pond
D:2:      first_ration, patterned_corridor
D:3:      chequers_ecumenical_altar_island

Skill      XL: |  1  2  3 |
---------------+----------+-----
Polearms       | 3 |  3.8
Armour         | 1 |  1.5
Dodging        | 3 |  3.2
Fighting       | |  2.8
Slings         | |  0.2
Throwing       | |  1.7

Action                   |  1- 3 |  4- 6 || total
-------------------------+-------+-------++-------
Melee: Trident           |   181 |    73 ||   254
 Fire: Hunting sling     |       |    33 ||    33
Throw: Throwing net      |       |     2 ||     2
  Use: Scroll            |       |     1 ||     1
       Potion            |       |     1 ||     1
 Stab: Held in net/web   |       |     1 ||     1
  Eat: Chunk             |     4 |     2 ||     6
Armor: Leather armour    |    10 |       ||    10
       Ring mail         |    36 |    18 ||    54
Dodge: Dodged            |    86 |    46 ||   132

Table legend:
 A = Spawn XP
 B = Non-spawn XP
 C = Spawn XP percentage of total XP
 D = Spawn monster count
 E = Non-spawn monster count
 F = Spawn count percentage of total count
 G = Total turns spent on level
                    A         B        C        D         E        F      G
               +---------+---------+-------+---------+---------+-------+---------
         Total |       0 |     179 |   0.0 |       0 |      66 |   0.0 |  2895
               +---------+---------+-------+---------+---------+-------+---------
           D:1 |       0 |      31 |   0.0 |       0 |      21 |   0.0 |  1150
           D:2 |       0 |      50 |   0.0 |       0 |      20 |   0.0 |  1482
           D:3 |       0 |      98 |   0.0 |       0 |      25 |   0.0 |   263
               +---------+---------+-------+---------+---------+-------+---------
